 Dungeon Crawl Stone Soup version 0.31.0-11-ge490571c62 (webtiles) character file.

Game seed: 5041774086037388337

163 qw the Shooter (level 5, -4/26 HPs)
             Began as a Spriggan Hunter on Feb 3, 2024.
             Killed by divine providence
             ... invoked by an orc priest
              (13 damage)
             ... on level 4 of the Dungeon.
             The game lasted 00:00:08 (1756 turns).

qw the Shooter (Spriggan Hunter)                    Turns: 1756, Time: 00:00:08

Health: -4/26      AC:  2    Str: 13    XL:     5   Next: 20%
Magic:  6/6        EV: 20    Int: 11    God:
Gold:   82         SH:  0    Dex: 20    Spells: 4/4 levels left

rFire   . . .        m - +0 orcbow
rCold   . . .        (shield currently unavailable)
rNeg    . . .        c - +0 robe
rPois   .            (helmet restricted)
rElec   .            (no cloak)
rCorr   .            (gloves unavailable)
SInv    +            (boots unavailable)
Will    .....        (no amulet)
Stlth   ++           e - +6 ring of strength
HPRegen 0.24/turn    (no ring)
MPRegen 0.10/turn

%: no passive effects
@: mighty, very quick
A: very small, no large weapons, unfitting armour, see invisible, speed 3
a: no special abilities


You were on level 4 of the Dungeon.
You visited 1 branch of the dungeon, and saw 4 of its levels.

You collected 118 gold pieces.
You spent 36 gold pieces at shops.


Innate Abilities, Weirdness & Mutations

You are very small and have problems with some larger weapons.
You are too small for most types of armour.
You have supernaturally acute eyesight. (SInv)
You cover ground extremely quickly. (Speed+++)


   Skills:
 - Level 2.2 Fighting
 + Level 5.2 Ranged Weapons
 - Level 5.0 Dodging
 - Level 1.5 Stealth


You had 4 spell levels left.
You didn't know any spells.
Your spell library was empty.

Inventory:

Hand Weapons
 m - a +0 orcbow (weapon)
Armour
 c - a +0 robe (worn)
Jewellery
 e - a +6 ring of strength (left hand)
Scrolls
 f - a scroll of teleportation
Potions
 b - a potion of cancellation
 d - a potion of mutation
 g - a potion of enlightenment

Dungeon Overview and Level Annotations

Branches:
Dungeon (4/15)
 Temple: D:4-7

Altars:
Fedhas

Shops:
D:2 =   D:3 *


Message History

You shoot an arrow.
The arrow closely misses the orc wizard.
The arrow hits the orc.
The orc is moderately wounded.
A jackal comes into view.
The orc wizard completely misses you. The hobgoblin completely misses you.
You shoot an arrow. The jackal barks!
The arrow hits the orc wizard.
The orc wizard is almost dead.
A jackal comes into view.
The orc wizard hits you but does no damage.
The hobgoblin misses you.
You shoot an arrow. The arrow barely misses the orc wizard.
The arrow barely misses the jackal.
The jackal barks! x2
You hear an angry hiss.
The orc hits you with a +0 hand axe. The orc wizard misses you.
The orc priest calls upon Beogh to heal the orc wizard.
The orc wizard is healed somewhat.
The hobgoblin completely misses you. The orc closely misses you.
You shoot an arrow. The arrow hits the orc wizard!
You kill the orc wizard!
The hobgoblin misses you. The orc completely misses you.
The hobgoblin hits you.
You shoot an arrow. The arrow hits the orc.
The orc is heavily wounded.
The orc priest mumbles some strange prayers to Beogh against you.
Beogh smites you! The orc misses you.
The hobgoblin hits you but does no damage.
You shoot an arrow. The arrow hits the orc!
You kill the orc!
The jackal closely misses you. The hobgoblin misses you.
The jackal completely misses you.
You shoot an arrow. The arrow hits the orc priest.
The orc priest is lightly wounded.
The jackal completely misses you. The hobgoblin hits you.
The orc priest mumbles some strange prayers to Beogh against you.
Beogh smites you!
Ouch! That really hurt!
You die...

#########
.......<#
.######.#
#.# #.#
#.# #.#
#.# #@#


#.hohg# #.##h..# # ~h..# .~..# ~_~~.# ~~~~.# ~..~~## You could see an orc
priest, 4 jackals and a hobgoblin.

Vanquished Creatures
  Terence (D:3)
  An orc wizard (D:4)
  3 adders
  3 dart slugs (D:1)
  2 ribbon worms (D:2)
  2 orcs
  5 ball pythons
  2 endoplasms
  4 giant cockroaches
  3 goblins
  5 hobgoblins
  10 jackals
  5 kobolds
  5 quokkas
  7 bats
  8 frilled lizards
  5 rats
71 creatures vanquished.

Notes
Turn   | Place    | Note
-------+----------+-------------------------------------------
     0 | D:1      | qw the Spriggan Hunter began the quest for the Orb.
     0 | D:1      | Reached XP level 1. HP: 10/10 MP: 2/2
     0 | D:1      | 0 ||| qw: Version: 0.3-a-157-g843a77d
     0 | D:1      | 0 ||| qw: Game counter: 4018
     0 | D:1      | 0 ||| qw: Melee chars always use a shield: true
     0 | D:1      | 0 ||| qw: God list: Okawaru
     0 | D:1      | 0 ||| qw: Allow faded altars: false
     0 | D:1      | 0 ||| qw: Do Orc after clearing Dungeon:15 true
     0 | D:1      | 0 ||| qw: Do second Lair branch before Depths: true
     0 | D:1      | 0 ||| qw: Lair rune preference: random
     0 | D:1      | 0 ||| qw: Goals: Normal
     0 | D:1      | 0 ||| PLANNING D:1-11
    18 | D:1      | Reached skill level 3 in Dodging
    85 | D:1      | Reached XP level 2. HP: 14/14 MP: 3/3
   297 | D:1      | Found a faded altar of an unknown god.
   375 | D:1      | Reached XP level 3. HP: 18/18 MP: 4/4
   554 | D:1      | 554 ||| UPGRADING to +6 ring of strength.
   555 | D:1      | 555 ||| READING scroll labelled XESOEP FETEYRCH.
   555 | D:1      | 555 ||| IDENTIFYING metallic ruby potion
   556 | D:1      | 556 ||| READING scroll labelled CAOFAI GUACW.
   557 | D:1      | 557 ||| DROPPING scroll of butterflies.
   753 | D:2      | Reached XP level 4. HP: 15/22 MP: 5/5
   857 | D:2      | 857 ||| DROPPING +3 sling.
   902 | D:2      | Found Jaickotz's Jewellery Boutique.
   913 | D:2      | 913 ||| SHOPLISTING +5 ring of evasion (360 gold, have 74).
   913 | D:2      | 913 ||| SHOPLISTING +6 ring of strength (360 gold, have
                  | 74).
   913 | D:2      | 913 ||| SHOPLISTING amulet of faith (400 gold, have 74).
   913 | D:2      | 913 ||| SHOPLISTING amulet of the acrobat (300 gold, have
                  | 74).
   913 | D:2      | 913 ||| SHOPLISTING ring "Diaciott" {rF+ EV+5 Dex+3} (563
                  | gold, have 74).
   913 | D:2      | 913 ||| SHOPLISTING ring of Cuorgh {rF+ rN+ rCorr Int-5
                  | SInv} (283 gold, have 74).
   913 | D:2      | 913 ||| SHOPLISTING ring of protection from cold (250 gold,
                  | have 74).
   913 | D:2      | 913 ||| SHOPLISTING ring of protection from fire (250 gold,
                  | have 74).
  1120 | D:2      | 1120 ||| READING scroll of identify.
  1120 | D:2      | 1120 ||| IDENTIFYING black potion
  1334 | D:3      | Found Weemedev's Assorted Antiques.
  1338 | D:3      | 1338 ||| SHOPLISTING potion of mutation (144 gold, have
                  | 107).
  1338 | D:3      | 1338 ||| BUYING scroll labelled IXUQUW PAXKAPT (18 gold).
  1338 | D:3      | Bought a scroll labelled IXUQUW PAXKAPT for 18 gold pieces
  1338 | D:3      | 1338 ||| BUYING scroll labelled PUBESU TESUTSE (18 gold).
  1338 | D:3      | Bought a scroll labelled PUBESU TESUTSE for 18 gold pieces
  1338 | D:3      | 1338 ||| SHOPLISTING wooden wand (72 gold, have 71).
  1602 | D:3      | 1602 ||| SWAPPING to +0 orcbow.
  1603 | D:3      | 1603 ||| DROPPING +0 shortbow.
  1612 | D:3      | Noticed Terence
  1620 | D:3      | Killed Terence
  1630 | D:3      | Reached XP level 5. HP: 26/26 MP: 6/6
  1723 | D:3      | 1723 ||| DROPPING amulet of magic regeneration.
  1724 | D:3      | 1724 ||| READING scroll of identify.
  1724 | D:3      | 1724 ||| IDENTIFYING orange potion
  1725 | D:3      | 1725 ||| READING 2 scrolls labelled PUBESU TESUTSE.
  1730 | D:3      | 1730 ||| READING scroll labelled IXUQUW PAXKAPT.
  1741 | D:4      | Found a blossoming altar of Fedhas.
  1748 | D:4      | 1748 ||| DRINKING clear potion.
  1749 | D:4      | 1749 ||| DRINKING fuming emerald potion.
  1756 | D:4      | Killed from afar by an orc priest

Levels and vault maps discovered:
D:1:      psy_arrival_basics, layout_rooms, nicolae_ecumenical_lake_church,
          minmay_distorted
D:2:      layout_rooms, serial_shops, nicolae_shop_trees
D:3:      layout_loops_cross, serial_shops, shop, uniq_terence
D:4:      layout_loops_ring, fedhas_altar_2,
          minmay_temple_entry_enclosed_plants, gammafunk_ghost_necromancy,
          uniq_crazy_yiuf_cottage

Skill      XL: |  1  2  3  4 |
---------------+-------------+-----
Dodging        | 3 4 5 |  5.0
Ranged Weapons | 5 |  5.2
Fighting       | 2 |  2.2
Stealth        | |  1.5

Action                     |  1- 3 |  4- 6 || total
---------------------------+-------+-------++-------
   Fire: Shortbow          |   122 |    66 ||   188
         Orcbow            |       |    21 ||    21
    Use: Scroll            |     2 |     4 ||     6
         Potion            |       |     2 ||     2
 Armour: Robe              |    20 |     9 ||    29
  Dodge: Dodged            |    57 |    26 ||    83

Table legend:
 A = Non-vault XP
 B = Vault XP
 C = Vault XP percentage of total XP
 D = Non-vault monster count
 E = Vault monster count
 F = Vault count percentage of total count
                 A         B        C        D         E       F
            +---------+---------+-------+---------+---------+-------
      Total |     187 |      46 |  19.7 |      66 |       5 |   7.0
            +---------+---------+-------+---------+---------+-------
        D:1 |      43 |      10 |  18.9 |      23 |       4 |  14.8
        D:2 |      75 |       0 |   0.0 |      28 |       0 |   0.0
        D:3 |      34 |      36 |  51.4 |      13 |       1 |   7.1
        D:4 |      35 |       0 |   0.0 |       2 |       0 |   0.0
            +---------+---------+-------+---------+---------+-------
